 Dungeon Crawl Stone Soup version 0.31-a0-358-gac0dbeb3ab (webtiles) character file.

Game seed: 12176319017493814236

4 Bnni the Changeling (level 1, 0/13 HPs)
             Began as an Octopode Shapeshifter on July 25, 2023.
             Succumbed to a goblin's poison
             ... on level 1 of the Dungeon.
             The game lasted 00:00:17 (206 turns).

Bnni the Changeling (Octopode Shapeshifter)          Turns: 206, Time: 00:00:18

Health: 0/13       AC:  1    Str: 11 (14) XL:     1   Next: 60%
Magic:  1/1        EV: 13    Int:  8 (10) God:
Gold:   18         SH:  0    Dex: 11 (12) Spells: 0/0 levels left

rFire   . .          .
                       - Unarmed
rCold   . . .        (no shield)
rNeg    . . .        (helmet currently unavailable)
rPois   .            (no amulet)
rElec   .            (no ring)
rCorr   .            (no ring)
SInv    .            (no ring)
Will    .....        (no ring)
Stlth   ++           (no ring)
HPRegen 0.22/turn    (no ring)
MPRegen 0.07/turn    (no ring)
                     (no ring)

%: no passive effects
@: lethally poisoned (0 -> -5), beast-form
A: beast (slay +2), almost no armour, amphibious, 8 rings, camouflage 1,
gelatinous body 1, (nimble swimmer 1), tentacles
a: Begin Untransformation


You were on level 1 of the Dungeon.
You were a hulking beast.
You visited 1 branch of the dungeon, and saw 1 of its levels.

You collected 18 gold pieces.

Inventory:

Missiles
 e - 3 poisoned darts
Talismans
 b - a beast talisman
Scrolls
 c - a scroll of amnesia {unknown}
Potions
 a - a potion of lignification


   Skills:
 + Level 1.1 Fighting
 - Level 2.0 Dodging
 + Level 3.0 Unarmed Combat
 * Level 3.1 Shapeshifting


You couldn't memorise any spells.
You didn't know any spells.
Your spell library was empty.

Dungeon Overview and Level Annotations

Branches:
Dungeon (1/15)

Altars:


Innate Abilities, Weirdness & Mutations

You are a hulking beast.
Your limbs bulge with bestial killing power. (Slay +2)
You cannot wear most types of armour.
You are amphibious.
You can wear up to eight rings at the same time.
Your skin changes colour to match your surroundings (Stealth+).
Your rubbery body absorbs attacks. (AC +1, EV +1)
((You are camouflaged when in or above water. (Stealth+)))
You have tentacles for arms and can constrict up to eight enemies at once.


Message History

e - 3 poisoned darts
Found a hand axe.
Things that are here:
a +0 dagger; 5 stones You see here a +0 hand axe.
Things that are here:
a +0 dagger; 5 stones A ball python comes into view. 2 goblins come into view.
A goblin is wielding a +1 dagger of venom.
Found 8 gold pieces and a beast talisman.
The goblin shouts!
A kobold comes into view.
It is wielding a +1 vampiric short sword.
The goblin shouts!
The kobold shouts!
The kobold throws a stone.
The stone hits you but does no damage. The ball python barely misses you.
The ball python closely misses you.
You closely miss the goblin. You grab the goblin. You constrict the goblin.
The goblin hits you with a +0 club. The ball python closely misses you. x2
You tentacle-slap the goblin.
The goblin is severely wounded.
You constrict the goblin.
You kill the goblin!
The goblin hits you with a +1 dagger of venom.
You are lethally poisoned!
The ball python bites you. The ball python closely misses you.
You tentacle-slap the goblin.
You kill the goblin!
You feel sick. The ball python bites you.
* * * LOW HITPOINT WARNING * * *
The ball python closely misses you.
It was a potion of degeneration.
There was something very wrong with that liquid.
You feel weakened.
You feel dopey.
You feel clumsy.
* * * LOW HITPOINT WARNING * * *
You feel sick. The ball python misses you. The ball python closely misses you.
The kobold closely misses you.
Unknown command.
You barely miss the kobold. Your grab misses the kobold.
You squeeze the kobold, but do no damage.
You die...

.. . #. #.### .
...## ..
#########..######...
........#..#........
######.#...........
#......#.#.hS$.....
#.##.....#.)K......
#.#......#.........
#.#......#.........
#.#......##..◎.....
#.#......###.......
#.#..#...# #####..
#.##.#.### ..
#.#.##.#.#


You could see a ball python and a kobold.

Vanquished Creatures
  2 goblins (D:1)
  A frilled lizard (D:1)
  A kobold (D:1)
4 creatures vanquished.

Notes
Turn   | Place    | Note
-------+----------+-------------------------------------------
     0 | D:1      | Bnni the Octopode Shapeshifter began the quest for the Orb.
     0 | D:1      | Reached XP level 1. HP: 13/13 MP: 1/1
   206 | D:1      | Succumbed to a goblin's poison

Illustrated notes

Levels and vault maps discovered:
D:1:      scummos_arrival_checkerplants, layout_basic, minmay_misc_feat_tiny

Action                     || total
---------------------------++-------
  Melee: Unarmed           ||     6
         Constrict         ||     3
         Tentacles         ||     2
    Use: Potion            ||     1
   Stab: Sleeping          ||     1
 Armour: Skin              ||     1
  Dodge: Dodged            ||     9

Table legend: (Time is in decaauts)
 A = Elapsed time spent in this place.
 B = Non-inter-level travel time spent in this place.
 C = Inter-level travel time spent in this place.
 D = Time resting spent in this place.
 E = Time spent auto-exploring this place.
 F = Levels seen in this place.
 G = Mean time per level.
                   A        B        C        D        E       F      G
               +--------+--------+--------+--------+--------+-----+--------+
         Total |    205 |    205 |      0 |      0 |    176 |   1 |  205.0 |
       Dungeon |    205 |    205 |      0 |      0 |    176 |   1 |  205.0 |
               +--------+--------+--------+--------+--------+-----+--------+

Top non-repeatable levels by time:
     D:1: 205 daAuts
